 Dungeon Crawl Stone Soup version 0.19-a0-1292-g796ee4d (webtiles) character file.

146 jacquesderrida the Cudgeler (level 5, -1/24 HPs)
             Began as a Vine Stalker Wanderer on Aug 30, 2016.
             Slain by a giant frog (4 damage)
             ... on level 6 of the Dungeon.
             The game lasted 00:05:15 (1123 turns).

jacquesderrida the Cudgeler (Vine Stalker Wanderer) Turns: 1123, Time: 00:05:16

Health: -1/24      AC:  9    Str: 17    XL:     5   Next: 28%
Magic:  0/6        EV:  9    Int:  9    God:
Gold:   66         SH:  0    Dex: 15    Spells: 0 memorised, 4 levels left

rFire  . . .     SeeInvis +     p - +0 flail
rCold  . . .     Gourm    .     a - +2 scale mail
rNeg   . . .     Faith    .     (no shield)
rPois  .         Spirit   +     (no helmet)
rElec  .         Dismiss  .     (no cloak)
rCorr  .         Reflect  .     (no gloves)
MR     +....     Harm     .     i - +0 pair of boots
Stlth  +.........               (no amulet)
                                e - ring of see invisible
                                h - ring of protection from magic

@: no status effects
A: fangs 2, regeneration 1, magic shield, antimagic bite, no device heal 3, rot
immunity
a: no special abilities


You were on level 6 of the Dungeon.
You were not hungry.

You visited 1 branch of the dungeon, and saw 6 of its levels.

You collected 66 gold pieces.

Inventory:

Hand Weapons
 p - a +0 flail (weapon)
Missiles
 o - 4 silver tomahawks (quivered)
Armour
 a - a +2 scale mail (worn)
 c - a +0 buckler
 i - a +0 pair of boots (worn)
Jewellery
 e - a ring of see invisible (right hand)
 h - a ring of protection from magic (left hand)
Scrolls
 b - a scroll of teleportation
 g - a scroll of amnesia {unknown}
 n - a scroll of identify {unknown}
Potions
 k - a potion of cancellation {unknown}
 l - a potion of agility {unknown}
 m - a potion of brilliance {unknown}
 q - a potion of curing {unknown}
Comestibles
 d - a chunk of flesh
 f - 3 bread rations
 j - a beef jerky


   Skills:
 + Level 4.3(4.5) Maces & Flails
   Level 1.7(3.3) Staves
   Level 2.6 Crossbows
 - Level 1.5 Armour
 - Level 2.4 Stealth
 - Level 1.0 Shields


You had 4 spell levels left.
You didn't know any spells.

Dungeon Overview and Level Annotations

Branches:
Dungeon (6/15)
 Temple: D:4-7

Altars:
Xom
Zin


Innate Abilities, Weirdness & Mutations

You have extremely sharp teeth.
Your natural rate of healing is unusually fast.
When hurt, damage is shared between your health and your magic reserves.
Your bite disrupts and absorbs the magic of your enemies.
Potions and wands cannot restore your health.
You are immune to rotting.


Message History

A giant frog comes into view.
The giant frog croaks.
The giant frog barely misses you.
You hit the giant frog.
The giant frog is lightly wounded.
The giant frog hits you. x2
You closely miss the giant frog. Your bite misses the giant frog.
The giant frog is lightly wounded.
The giant frog hits you. x2
You hit the giant frog. You bite the giant frog. You drain its power.
You feel invigorated.
The giant frog is heavily wounded.
The giant frog hits you. x2
* * * LOW HITPOINT WARNING * * *
You barely miss the giant frog.
The giant frog is heavily wounded.
The giant frog hits you.
* * * LOW HITPOINT WARNING * * *
The giant frog hits you.
You die...

# ### #. ..#
##.#####.#######
##.......F......#
......##.@#
#........##
.##......#
###...##
#.#####..#
#........#
#######.##
#.##### ##'##
#.....# ##...##


You could see a giant frog.

Vanquished Creatures
  An orc priest (D:5)
  Jessica (D:3)
  4 adders
  A gnoll (D:3)
  An ooze (D:3)
  An adder zombie (D:6)
  A worm (D:2)
  A dart slug (D:1)
  A giant gecko (D:3)
  4 orcs (D:5)
  3 goblins (D:2)
  2 hobgoblins (D:3)
  2 jackals (D:2)
  2 kobolds
  5 bats
  4 rats
34 creatures vanquished.

Notes
Turn   | Place    | Note
-------+----------+-------------------------------------------
     0 | D:1      | jacquesderrida the Vine Stalker Wanderer began the quest for the Orb.
     0 | D:1      | jacquesderrida set off with: a +2 scale mail, a scroll of teleportation, a +0 buckler, a +0 club, a +0 dagger, a bread ration
     0 | D:1      | Reached XP level 1. HP: 9/9 MP: 2/2
    91 | D:1      | Reached skill level 1 in Maces & Flails
   110 | D:2      | Reached XP level 2. HP: 3/13 MP: 1/3
   113 | D:2      | Found a shimmering altar of Xom.
   113 | D:2      | Found a shimmering altar of Xom.
   114 | D:2      | Found a shimmering altar of Xom.
   114 | D:2      | Found a shimmering altar of Xom.
   191 | D:3      | Reached skill level 2 in Maces & Flails
   234 | D:3      | Noticed Jessica
   243 | D:3      | Killed Jessica
   243 | D:3      | Reached XP level 3. HP: 7/16 MP: 4/4
   315 | D:3      | Reached skill level 3 in Maces & Flails
   315 | D:3      | Gained mutation: Your natural rate of healing is unusually fast. [Vine Stalker growth]
   315 | D:3      | Reached XP level 4. HP: 10/21 MP: 5/5
   508 | D:2      | Found a shimmering altar of Xom.
   586 | D:3      | Noticed an angel
   587 | D:3      | Found a glowing silver altar of Zin.
   974 | D:5      | Entered Level 5 of the Dungeon
  1015 | D:5      | Reached skill level 4 in Maces & Flails
  1015 | D:5      | Reached XP level 5. HP: 24/24 MP: 6/6
  1123 | D:6      | Slain by a giant frog

Vault maps used:
D:1:      dpeg_arrival_water_temple_mockup
D:2:      xom_redecorated, lemuel_coloured_pillars_altar,
          nicolae_tso_swordbearing_angel
D:3:      zin_angel, first_bread, uniq_jessica
D:5:      uniq_pikel

Skill      XL: |  1  2  3  4 |
---------------+-------------+-----
Maces & Flails | 1 2 3 4 |  4.3
Staves         | |  1.7
Crossbows      | |  2.6
Armour         | |  1.5
Stealth        | |  2.4
Shields        | |  1.0

Action                   |  1- 3 |  4- 6 || total
-------------------------+-------+-------++-------
Melee: Club              |    52 |    45 ||    97
       Bite              |    17 |    27 ||    44
       Flail             |       |    26 ||    26
       Quarterstaff      |       |    15 ||    15
  Use: Scroll            |       |     1 ||     1
  Eat: Chunk             |       |     1 ||     1
Armor: Scale mail        |    21 |    52 ||    73
Dodge: Dodged            |    30 |    51 ||    81
Block: Buckler           |     2 |       ||     2
